 Dungeon Sprint DCSS version 0.29.1-1-gd02db6906a (webtiles) character file.

Game seed: 13485413537200780198

718 Low2 the Cruncher (level 7, -1/80 HPs)
             Began as an Ogre Gladiator on Oct 16, 2022.
             Was an Initiate of Dithmenos.
             Slain by a kobold demonologist
             ... wielding a +0 dagger
              (3 damage)
             ... in the Dungeon (Sprint I: "Red Sonja").
             The game lasted 00:06:41 (1411 turns).

Low2 the Cruncher (Ogre Gladiator)                  Turns: 1411, Time: 00:06:42

Health: -1/80      AC:  3    Str: 21    XL:     7   Next: 70%
Magic:  7/7        EV: 12    Int:  9    God:    Dithmenos [......]
Gold:   151        SH:  0    Dex: 10    Spells: 6/6 levels left

rFire   . . .      SeeInvis .   a - +0 quarterstaff
rCold   . . .      Faith    .   (shield currently unavailable)
rNeg    . . .      Spirit   .   b - +0 robe
rPois   .          Reflect  .   c - +0 hat
rElec   .          Harm     .   (no cloak)
rCorr   .          Rampage  .   (gloves unavailable)
Will    .....      NoTele   +   (boots unavailable)
Stlth   ++........              (no amulet)
HPRegen 0.23/turn               (no ring)
MPRegen 0.10/turn               (no ring)

@: lethally poisoned (-1 -> -11)
A: large, unfitting armour, tough skin 1
a: Renounce Religion


You were in the Dungeon.
You worshipped Dithmenos.
Dithmenos was noncommittal.
You visited 1 branch You collected 415 gold pieces.
You spent 264 gold pieces at shops.

Inventory:

Hand Weapons
 a - a +0 quarterstaff (weapon)
Armour
 b - a +0 robe (worn)
 c - a +0 hat (worn)
Potions
 i - 2 potions of magic


   Skills:
 + Level 8.1 Fighting
 + Level 11.5 Staves
 + Level 6.1 Throwing
 + Level 8.2 Dodging
 + Level 1.6 Stealth


You had 6 spell levels left.
You didn't know any spells.
Your spell library contained the following spells:

 Spells                   Type           Power      Damage    Failure   Level
 Freeze                   Ice            0%         1d3       38%         1
 Frozen Ramparts          Ice            0%         1d1       77%         3
 Hailstorm                Conj/Ice       0%         3d3       99%         4


Dungeon Overview and Level Annotations

Branches:
Dungeon (1/1)

Altars:
Cheibriados
Dithmenos
Elyvilon
Fedhas
Gozag
Hepliaklqana
Kikubaaqudgha
Makhleb
Nemelex Xobeh
Okawaru
Qazlal
Ru
Sif Muna
Trog
Uskayaw
Vehumet
Wu Jian
Xom
Yredelemnul
Zin
The Shining One
Jiyva
Lugonu

Shops:
D :


Innate Abilities, Weirdness & Mutations

You are too large for most types of armour.
You have tough skin. (AC +1)


Message History

Press: ? - help, Dir - move target
As you read the scroll of blinking, it crumbles to dust.
There is an open door, spattered with blood here.
The rust devil disappears in a puff of smoke!
The shadow imp sputters.
There is an entrance to Ubbamnyf's Book Emporium here.
You pick up a book of Frost and begin reading...
You add the spells Freeze, Frozen Ramparts and Hailstorm to your library.
Thank you for shopping at Ubbamnyf's Book Emporium!
Okay, then.
You are no longer corroded.
The kobold demonologist mumbles some strange words.
The shadow imp hits you but does no damage.
The shadow imp barely misses you.
You hit the shadow imp but do no damage.
The shadow imp hits you. The shadow imp barely misses you.
You sock the shadow imp!
The shadow imp is severely wounded.
The shadow imp hits you.
You sock the shadow imp!
You kill the shadow imp!
The shadow imp disappears in a puff of smoke!
The kobold demonologist hits you with a +0 dagger.
The orange demon stings you from afar!
You are poisoned.
The orange demon poisons you!
You barely miss the shadow imp.
The shadow imp is moderately wounded.
You feel very sick.
The kobold demonologist hits you with a +0 dagger.
* * * LOW HITPOINT WARNING * * *
The shadow imp hits you.
* * * LOW HITPOINT WARNING * * *
Okay, then.
You hit the kobold demonologist.
The kobold demonologist is lightly wounded.
You feel sick. The orange demon stings you from afar!
* * * LOW HITPOINT WARNING * * *
The kobold demonologist hits you with a +0 dagger.
You die...

##########################
#<.#..').#..'..#__#..3(5.#
#).'..#..').#.45.54KK#35.#
#..#####'#####'#__####...+
#..####..#...#§#### ####
#..#__####..##.#
#..#_____##'#_.+
#⌠⌠#_.∩.5@K4.._#
####_..__##K.#'#
#_____###+#.# ####### ###


You could see an orange demon (summoned), 2 kobold demonologists and a shadow
imp (summoned).

Vanquished Creatures
  A slime creature (D)
  Sigmund (D)
  A yak (D)
  A floating eye (D)
  An ogre (D)
  A jelly (D)
  Ijyb (D)
7 creatures vanquished.

Notes
Turn   | Place    | Note
-------+----------+-------------------------------------------
     0 | D        | Low2 the Ogre Gladiator began the quest for the Orb.
     0 | D        | Reached XP level 1. HP: 22/22 MP: 1/1
     2 | D        | Noticed Ijyb
    43 | D        | Killed Ijyb
    44 | D        | Reached skill level 4 in Staves
    44 | D        | Reached XP level 2. HP: 7/32 MP: 2/2
    44 | D        | Reached XP level 3. HP: 9/39 MP: 3/3
   398 | D        | Noticed an ogre
   404 | D        | Killed an ogre
   405 | D        | Reached skill level 6 in Staves
   405 | D        | Reached skill level 5 in Dodging
   405 | D        | Reached XP level 4. HP: 49/49 MP: 4/4
   417 | D        | Noticed Sigmund
   444 | D        | Killed Sigmund
   445 | D        | Reached skill level 8 in Staves
   445 | D        | Reached XP level 5. HP: 5/61 MP: 5/5
   445 | D        | Reached XP level 6. HP: 6/68 MP: 6/6
   854 | D        | Found an ornate altar of the Wu Jian Council.
   854 | D        | Found a shimmering blue altar of Sif Muna.
   856 | D        | Found a radiant altar of Vehumet.
   863 | D        | Reached skill level 9 in Staves
   863 | D        | Reached skill level 5 in Throwing
   901 | D        | Found Ubbamnyf's Book Emporium.
   901 | D        | Found an ancient bone altar of Kikubaaqudgha.
   901 | D        | Found a hazy altar of Hepliaklqana.
   901 | D        | Found a stormy altar of Qazlal.
   901 | D        | Found a hide-covered altar of Uskayaw.
   901 | D        | Found a blossoming altar of Fedhas.
   901 | D        | Found a bloodstained altar of Trog.
   901 | D        | Found an iron altar of Okawaru.
   901 | D        | Found a basalt altar of Yredelemnul.
   901 | D        | Found a glowing golden altar of the Shining One.
   901 | D        | Found a snail-covered altar of Cheibriados.
   901 | D        | Found a sacrificial altar of Ru.
   901 | D        | Found a glowing silver altar of Zin.
   901 | D        | Found a shadowy altar of Dithmenos.
   901 | D        | Found a white marble altar of Elyvilon.
   901 | D        | Noticed a yak
   902 | D        | Found an opulent altar of Gozag.
   910 | D        | Killed a yak
   911 | D        | Reached skill level 10 in Staves
   911 | D        | Reached skill level 1 in Stealth
   911 | D        | Reached XP level 7. HP: 53/78 MP: 7/7
   911 | D        | Found a sparkling altar of Nemelex Xobeh.
  1041 | D        | Became a worshipper of Dithmenos the Shadowed
  1060 | D        | Found a burning altar of Makhleb.
  1060 | D        | Found a viscous altar of Jiyva.
  1060 | D        | Found a shimmering altar of Xom.
  1060 | D        | Found a corrupted altar of Lugonu.
  1060 | D        | Noticed a slime creature
  1078 | D        | Killed a slime creature
  1079 | D        | Reached skill level 11 in Staves
  1366 | D        | Noticed a kobold demonologist
  1366 | D        | Noticed a kobold demonologist
  1373 | D        | Noticed an ice devil
  1376 | D        | Noticed a neqoxec
  1383 | D        | Noticed a rust devil
  1403 | D        | Bought a book of Frost for 264 gold pieces
  1407 | D        | Noticed an orange demon
  1411 | D        | HP: 2/80 [orange demon[a kobold demonologist] (11)]
  1411 | D        | Slain by a kobold demonologist

Illustrated notes

Levels and vault maps discovered:
D:        dungeon_sprint_1 [red_sonja_temple_1, red_sonja_temple_small_1]

Skill      XL: |  1  2  3  4  5  6  7 |
---------------+----------------------+-----
Fighting       | 3 4 6 7 8 |  8.1
Staves         | 4 6 8 10 11 | 11.5
Dodging        | 4 5 6 7 8 |  8.2
Throwing       | 3 4 5 6 |  6.1
Stealth        | 1 |  1.6

Action                   |  1- 3 |  4- 6 |  7- 9 || total
-------------------------+-------+-------+-------++-------
Melee: Quarterstaff      |    25 |    36 |    37 ||    98
Throw: Throwing net      |     4 |       |       ||     4
       Large rock        |     1 |     2 |     3 ||     6
  Use: Potion            |     3 |     1 |       ||     4
       Scroll            |       |       |     3 ||     3
Armor: Robe              |     5 |       |     6 ||    11
Dodge: Dodged            |     7 |    15 |    15 ||    37
